 Dungeon Crawl Stone Soup version 0.29.0-4-gdea44cf6ec (webtiles) character file.

Game seed: 11242930163283623024

176 qw the Ruffian (level 5, -1/41 HPs)
             Began as a Ghoul Fire Elementalist on Aug 29, 2022.
             Slain by a kobold brigand
             ... wielding a +0 whip
              (9 damage)
             ... in a sewer.
             The game lasted 00:02:30 (4124 turns).

qw the Ruffian (Ghoul Fire Elementalist)            Turns: 4124, Time: 00:02:31

Health: -1/41      AC:  5    Str: 14    XL:     5   Next: 56%
Magic:  6/6        EV: 10    Int: 10    God:
Gold:   174        SH:  0    Dex:  9    Spells: 6/7 levels left

rFire   . . .      SeeInvis .     - Unarmed
rCold   + . .      Faith    .   (no shield)
rNeg    + + +      Spirit   .   b - +0 ring mail
rPois   inf        Reflect  .   (no helmet)
rElec   .          Harm     .   (no cloak)
rCorr   .          Rampage  .   (no gloves)
Will    .....                   (no boots)
Stlth   +.........              (no amulet)
HPRegen 0.00/turn               (no ring)
MPRegen 0.10/turn               (no ring)

@: inhibited regen
A: claws 1, cold resistance 1, negative energy resistance 3, inhibited
regeneration, torment resistance 2, devour on kill
a: no special abilities


You were in a sewer.
You visited 1 branch of the dungeon, and saw 3 of its levels.
You also visited: Sewer.

You collected 174 gold pieces.


Innate Abilities, Weirdness & Mutations

You are immune to poison.
You have sharp fingernails.
Your flesh is cold resistant. (rC+)
You are immune to negative energy. (rN+++)
You do not regenerate when monsters are visible.
You are immune to unholy pain and torment.
You thrive by killing the living.


   Skills:
 - Level 2.1 Fighting
 - Level 1.7 Dodging
 - Level 2.1 Stealth
 + Level 5.0 Unarmed Combat
 - Level 1.7 Spellcasting
 - Level 0.7 Conjurations
 - Level 2.4 Fire Magic


You had 6 spell levels left.
You knew the following spells:

 Your Spells              Type           Power      Damage    Failure   Level
a - Foxfire               Conj/Fire      16%        2x1d4     34%         1

Your spell library contained the following spells:

 Spells                   Type           Power      Damage    Failure   Level
 Scorch                   Fire           10%        2d6       36%         2
 Conjure Flame            Conj/Fire      4%         6-21      71%         3
 Inner Flame              Hex/Fire       3%         N/A       77%         3
 Flame Wave               Conj/Fire      4%         2d5       98%         4

Inventory:

Missiles
 d - 6 silver boomerangs (quivered)
Armour
 b - a +0 ring mail (worn)
Potions
 a - a potion of resistance {unknown}
 c - a potion of curing {unknown}
 e - a potion of attraction {unknown}
 f - a potion of heal wounds {unknown}

Dungeon Overview and Level Annotations

Branches:
Dungeon (3/15)              Sewer (1/1)

Altars:


Message History

The kobold brigand hits you with a +0 whip.
You scratch the kobold brigand.
The kobold brigand is almost dead.
The kobold brigand splashes around in the water.
You barely miss the kobold brigand.
The kobold brigand is almost dead.
The kobold brigand barely misses you.
You closely miss the kobold brigand. Your claw misses the kobold brigand.
The kobold brigand is almost dead.
The kobold brigand barely misses you.
You scratch the kobold brigand but do no damage.
The kobold brigand is almost dead.
The kobold brigand splashes around in the water.
You scratch the kobold brigand but do no damage.
The kobold brigand is almost dead.
The kobold brigand splashes around in the water.
You closely miss the kobold brigand.
The kobold brigand is almost dead.
You barely miss the kobold brigand.
The kobold brigand is almost dead.
The kobold brigand closely misses you.
You closely miss the kobold brigand.
The kobold brigand is almost dead.
The kobold brigand splashes around in the water.
You scratch the kobold brigand but do no damage.
The kobold brigand is almost dead.
The kobold brigand hits you with a +0 whip.
You barely miss the kobold brigand.
The kobold brigand is almost dead.
The kobold brigand hits you with a +0 whip.
You closely miss the kobold brigand.
The kobold brigand is almost dead.
The kobold brigand splashes around in the water.
You closely miss the kobold brigand.
The kobold brigand is almost dead.
The kobold brigand misses you.
You scratch the kobold brigand.
The kobold brigand is almost dead.
The kobold brigand hits you with a +0 whip!
You die...

##~~.##
##..~## ##~##
##.## #%# #.#
#%# #.# ##~##
.# ##~~.##
..#####~....#
~.~~~~K...~~#
..#####@~...#
##...## #####


You could see a kobold brigand.

Vanquished Creatures
  A scorpion (D:3)
  4 adders
  A river rat (D:3)
  A worm (D:3)
  4 dart slugs
  An orc (D:2)
  5 bats
  6 endoplasms
  2 giant cockroaches
  A hobgoblin (D:2)
  7 jackals (D:1)
  3 quokkas
  5 ball pythons
  3 frilled lizards (D:1)
  2 goblins (D:1)
  6 kobolds
  7 rats
59 creatures vanquished.

Vanquished Creatures (others)
  5 plants (D:2)
5 creatures vanquished.

Grand Total: 64 creatures vanquished

Notes
Turn   | Place    | Note
-------+----------+-------------------------------------------
     0 | D:1      | qw the Ghoul Fire Elementalist began the quest for the Orb.
     0 | D:1      | Reached XP level 1. HP: 14/14 MP: 2/2
     0 | D:1      | 0 ||| qw: Version: 0.1-a-90-g952f4b7
     0 | D:1      | 0 ||| qw: Game counter: 3711
     0 | D:1      | 0 ||| qw: Always use a shield: true
     0 | D:1      | 0 ||| qw: God list: Okawaru
     0 | D:1      | 0 ||| qw: Allow faded altars: false
     0 | D:1      | 0 ||| qw: Do Orc after D:15 true
     0 | D:1      | 0 ||| qw: Do second Lair branch before Depths: true
     0 | D:1      | 0 ||| qw: Lair rune preference: random
     0 | D:1      | 0 ||| qw: Plans: Normal
     0 | D:1      | 0 ||| PLANNING D:1-11
    54 | D:1      | HP: 3/14 [ball python (1)]
   452 | D:1      | Reached skill level 1 in Unarmed Combat
   633 | D:1      | 633 ||| Stepping ~*~*~tactically~*~*~ (hiding).
   742 | D:1      | HP: 2/15 [dart slug/slug dart (6)]
   744 | D:1      | Reached skill level 1 in Fighting
   744 | D:1      | Reached XP level 2. HP: 3/23 MP: 3/3
  1321 | D:1      | 1321 ||| Stepping ~*~*~tactically~*~*~ (stealth).
  1322 | D:1      | 1322 ||| Stepping ~*~*~tactically~*~*~ (stealth).
  1324 | D:1      | 1324 ||| Stepping ~*~*~tactically~*~*~ (stealth).
  1472 | D:1      | 1472 ||| Stepping ~*~*~tactically~*~*~ (stealth).
  1485 | D:1      | Reached skill level 2 in Unarmed Combat
  1508 | D:1      | Reached XP level 3. HP: 12/28 MP: 4/4
  1537 | D:1      | HP: 4/28 [goblin/+0 club (4)]
  1824 | D:1      | Found a faded altar of an unknown god.
  1825 | D:1      | Noticed a shining eye
  1831 | D:1      | Noticed a floating eye
  1835 | D:1      | Noticed a floating eye
  1841 | D:1      | Noticed a floating eye
  2434 | D:1      | 2434 ||| Stepping ~*~*~tactically~*~*~ (hiding).
  2536 | D:1      | 2536 ||| Stepping ~*~*~tactically~*~*~ (hiding).
  2638 | D:1      | 2638 ||| Stepping ~*~*~tactically~*~*~ (hiding).
  2804 | D:1      | 2804 ||| READING scroll labelled DOUS HUORR.
  2805 | D:1      | 2805 ||| DROPPING potion of magic.
  2886 | D:2      | Reached skill level 3 in Unarmed Combat
  2886 | D:2      | 2886 ||| FLEEEEING.
  2888 | D:2      | 2888 ||| FLEEEEING.
  2889 | D:2      | 2889 ||| FLEEEEING.
  2890 | D:2      | 2890 ||| STAIRDANCE
  3061 | D:2      | 3061 ||| FLEEEEING.
  3089 | D:2      | 3089 ||| FLEEEEING.
  3090 | D:2      | 3090 ||| FLEEEEING.
  3091 | D:2      | 3091 ||| FLEEEEING.
  3098 | D:2      | 3098 ||| STAIRDANCE
  3386 | D:2      | Reached XP level 4. HP: 23/35 MP: 5/5
  3633 | D:2      | 3633 ||| UPGRADING to +0 ring mail.
  3643 | D:2      | 3643 ||| DROPPING +0 robe.
  3661 | D:3      | Noticed a scorpion
  3662 | D:3      | 3662 ||| PLANNING SEWER
  3663 | D:3      | 3663 ||| STAIRDANCE
  3696 | D:3      | Killed a scorpion
  3697 | D:3      | Reached skill level 4 in Unarmed Combat
  3697 | D:3      | Reached XP level 5. HP: 23/40 MP: 6/6
  3697 | D:3      | 3697 ||| STAIRDANCE
  3864 | D:3      | Found a glowing drain.
  3867 | D:3      | 3867 ||| Stepping ~*~*~tactically~*~*~ (stealth).
  3869 | D:3      | 3869 ||| Stepping ~*~*~tactically~*~*~ (stealth).
  3953 | Sewer    | Entered a sewer
  3956 | Sewer    | 3956 ||| Stepping ~*~*~tactically~*~*~ (stealth).
  3985 | Sewer    | 3985 ||| Stepping ~*~*~tactically~*~*~ (water).
  4026 | Sewer    | 4026 ||| Stepping ~*~*~tactically~*~*~ (stealth).
  4031 | Sewer    | 4031 ||| Stepping ~*~*~tactically~*~*~ (water).
  4082 | Sewer    | Noticed a kobold brigand
  4083 | Sewer    | 4083 ||| Stepping ~*~*~tactically~*~*~ (stealth).
  4084 | Sewer    | 4084 ||| Stepping ~*~*~tactically~*~*~ (stealth).
  4090 | Sewer    | Reached skill level 5 in Unarmed Combat
  4121 | Sewer    | HP: 8/41 [kobold brigand/+0 whip (3)]
  4124 | Sewer    | Slain by a kobold brigand

Levels and vault maps discovered:
D:1:      ebering_trefoil_twist, layout_loops_corners,
          hellmonk_ecumenical_altar_watching_god
D:2:      layout_rooms, serial_bayou_pond_d, guppyfry_early_lair_pool
D:3:      layout_loops_cross, grunt_temple_overflow_growth_and_decay,
          portal_sewer_entry_a, serial_forest, infiniplex_forest_corner_1,
          infiniplex_forest_clump_tiny, infiniplex_forest_clump_small,
          infiniplex_forest_clump_cross, infiniplex_forest_join,
          infiniplex_forest_clump_diagonal, infiniplex_forest_clump_diagonal,
          infiniplex_forest_clump_tiny, uniq_jessica
Sewer:    sewer_co_15_rooms

Skill      XL: |  1  2  3  4  5 |
---------------+----------------+-----
Unarmed Combat | 1 2 3 4 5 |  5.0
Fighting       | 1 2 |  2.1
Dodging        | |  1.7
Stealth        | |  2.1
Spellcasting   | |  1.7
Conjurations   | |  0.7
Fire Magic     | |  2.4

Action                   |  1- 3 |  4- 6 || total
-------------------------+-------+-------++-------
Melee: Unarmed           |   186 |    91 ||   277
       Punch             |     4 |     1 ||     5
Throw: Boomerang         |       |    11 ||    11
  Use: Scroll            |     1 |       ||     1
 Stab: Sleeping          |       |     1 ||     1
Armor: Robe              |    38 |     1 ||    39
       Ring mail         |       |    15 ||    15
Dodge: Dodged            |   101 |    39 ||   140

Table legend:
 A = Non-vault XP
 B = Vault XP
 C = Vault XP percentage of total XP
 D = Non-vault monster count
 E = Vault monster count
 F = Vault count percentage of total count
                 A         B        C        D         E       F
            +---------+---------+-------+---------+---------+-------
      Total |     182 |      70 |  27.8 |      46 |      13 |  22.0
            +---------+---------+-------+---------+---------+-------
        D:1 |      51 |       0 |   0.0 |      30 |       0 |   0.0
        D:2 |      36 |       0 |   0.0 |      12 |       0 |   0.0
        D:3 |      95 |      21 |  18.1 |       4 |       4 |  50.0
      Sewer |       0 |      49 | 100.0 |       0 |       9 | 100.0
            +---------+---------+-------+---------+---------+-------
